 Dungeon Crawl Stone Soup version 0.30-a0-394-g3e4acdb0ae (webtiles) character file.

Game seed: 4464626137085828698

543 p00ps00p the Trooper (level 7, -8/57 (62) HPs)
             Began as a Hill Orc Fighter on Dec 6, 2022.
             Mangled by a wight
             ... wielding a +3 war axe of freezing
              (13 damage)
             ... on level 6 of the Dungeon.
             The game lasted 00:04:19 (3343 turns).

p00ps00p the Trooper (Hill Orc Fighter)             Turns: 3343, Time: 00:04:19

HP:   -8/57 (62)    AC:  9    Str: 21    XL:     7   Next: 27%
MP:   7/7           EV:  9    Int:  8    God:
Gold: 162           SH:  6    Dex: 10    Spells: 6/6 levels left

rFire   . . .      SeeInvis .    a - +0 war axe
rCold   . . .      Faith    .    c - +1 buckler
rNeg    . . .      Spirit   .    b - +0 scale mail
rPois   .          Reflect  .    q - +0 helmet
rElec   .          Harm     .    o - +0 cloak
rCorr   .          Rampage  .    (no gloves)
Will    .....                    (no boots)
Stlth   ..........               (no amulet)
HPRegen 0.29/turn                (no ring)
MPRegen 0.10/turn                (no ring)

@: hasted, drained, very quick
A: no striking features
a: no special abilities


You were on level 6 of the Dungeon.
You visited 1 branch of the dungeon, and saw 5 of its levels.

You collected 162 gold pieces.

Inventory:

Hand Weapons
 a - a +0 war axe (weapon)
 p - the +4 mace "Amevayru" {vorpal, rF+ rN+ Str+3 Dex-4}
   (You found it on level 4 of the Dungeon)

   It inflicts extra damage upon your enemies.
   Str:       It affects your strength (+3).
   Dex:       It affects your dexterity (-4).
   rF:        It protects you from fire.
   rN:        It protects you from negative energy.
Missiles
 h - 15 poisoned darts (quivered)
Armour
 b - a +0 scale mail (worn)
 c - a +1 buckler (worn)
 o - a +0 cloak (worn)
 q - a +0 helmet (worn)
Jewellery
 e - a ring of fire
Wands
 i - a wand of flame (1)
Scrolls
 g - 3 scrolls of immolation
 n - a scroll of teleportation
Potions
 d - a potion of heal wounds {unknown}
 f - a potion of resistance
 j - a potion of haste
 k - a potion of flight {unknown}
 l - a potion of lignification {unknown}
 m - 2 potions of curing {unknown}
 r - a potion of magic {unknown}


   Skills:
 + Level 5.7 Fighting
 + Level 5.6 Axes
 + Level 5.2 Armour
 + Level 5.2 Shields


You had 6 spell levels left.
You didn't know any spells.
Your spell library contained the following spells:

 Spells                   Type           Power      Damage    Failure   Level
 Inner Flame              Hex/Fire       0%         N/A       99%         3
 Flame Wave               Conj/Fire      0%         2d4       100%        4
 Sticky Flame             Conj/Fire      0%         2d3       100%        4


Dungeon Overview and Level Annotations

Branches:
Dungeon (4/15)
 Temple: D:4-7

Altars:
The Shining One


Message History

You destroy the wight!
You barely miss the wight. The wight completely misses you.
The wight misses you.
A wight comes into view.
It is wielding a +3 war axe of freezing.
The wight hits you but does no damage.
Things that are here:
a +0 short sword; a +0 robe You closely miss the wight.
The wight is heavily damaged.
You block the wight's attack.
You hit the wight.
The wight is severely damaged.
You block the wight's attack.
You hit the wight but do no damage.
The wight is severely damaged.
You hit the wight.
The wight is lightly damaged.
You slash the wight!
You destroy the wight!
You block the wight's attack. The wight closely misses you.
You closely miss the wight.
The wight is lightly damaged.
The wight hits you with a +3 war axe of freezing!
* * * LOW HITPOINT WARNING * * *
The wight freezes you.
* * * LOW HITPOINT WARNING * * *
You hit the wight but do no damage.
The wight is lightly damaged.
You block the wight's attack.
You hit the wight.
The wight is moderately damaged.
The wight hits you with a +3 war axe of freezing!
* * * LOW HITPOINT WARNING * * *
You feel drained.
* * * LOW HITPOINT WARNING * * *
The wight freezes you.
* * * LOW HITPOINT WARNING * * *
You feel yourself speed up.
The wight hits you with a +3 war axe of freezing!
You die...

.........###
...........
.......#..###
............
.......#..#
..........#
..........#
########.######
#.....)@#
##.####z# ###
#.# #.# #.# ...
##. .


You could see a wight.

Vanquished Creatures
  A phantom (D:2)
  A necrophage (D:4)
  2 wights (D:6)
  A hound (D:4)
  Natasha (thrice) (D:2)
  Terence (D:2)
  Robin (D:4)
  4 adders
  A white imp (D:3)
  2 worms
  7 dart slugs
  An orc (D:3)
  8 endoplasms
  4 giant cockroaches
  9 hobgoblins
  2 jackals (D:3)
  11 kobolds
  5 quokkas
  6 ball pythons
  3 bats
  4 frilled lizards
  10 goblins
  2 goblin skeletons (D:3)
  A hobgoblin zombie (D:3)
  4 kobold skeletons (D:3)
  A kobold zombie (D:3)
  4 rats
99 creatures vanquished.

Notes
Turn   | Place    | Note
-------+----------+-------------------------------------------
     0 | D:1      | p00ps00p the Hill Orc Fighter began the quest for the Orb.
     0 | D:1      | Reached XP level 1. HP: 19/19 MP: 1/1
    71 | D:1      | Reached XP level 2. HP: 19/27 MP: 2/2
   361 | D:1      | Reached XP level 3. HP: 33/33 MP: 3/3
   799 | D:2      | Noticed a phantom
   809 | D:2      | Killed a phantom
   810 | D:2      | Reached XP level 4. HP: 12/41 MP: 4/4
   812 | D:2      | Reached XP level 5. HP: 14/47 MP: 5/5
   946 | D:2      | Noticed Terence
   961 | D:2      | Killed Terence
  1643 | D:2      | Noticed Natasha
  1651 | D:2      | Killed Natasha
  1805 | D:2      | Noticed Natasha
  1813 | D:2      | Killed Natasha
  2080 | D:2      | Noticed Natasha
  2087 | D:2      | Killed Natasha
  2088 | D:2      | Reached skill level 5 in Fighting
  2088 | D:2      | Reached XP level 6. HP: 29/56 MP: 6/6
  2244 | D:3      | Found a glowing golden altar of the Shining One.
  2624 | D:3      | Found a faded altar of an unknown god.
  2653 | D:3      | Reached skill level 5 in Axes
  3211 | D:4      | Reached skill level 5 in Armour
  3236 | D:4      | Identified the +4 mace "Amevayru" {vorpal, rF+ rN+ Str+3
                  | Dex-4}
  3246 | D:4      | Reached skill level 5 in Shields
  3268 | D:4      | Noticed Robin
  3273 | D:4      | Killed Robin
  3274 | D:4      | Reached XP level 7. HP: 61/61 MP: 7/7
  3317 | D:4      | You fall into a shaft and drop 2 floors!
  3343 | D:6      | Mangled by a wight

Illustrated notes

Levels and vault maps discovered:
D:1:      nzn_arrival_crosshair, layout_basic
D:2:      layout_basic, uniq_terence, uniq_natasha
D:3:      layout_loops_ring, nicolae_tso_besieged_by_evil,
          ebering_ecumenical_altar_webs
D:4:      layout_loops_ring, minmay_temple_entry_nine_rooms, kennysheep_donut,
          uniq_robin
D:6:      layout_loops_cross, nicolae_wu_jian_wuxing_cycle, serial_shops,
          nicolae_shop_crystal, nicolae_shop_temple_entry_statues_fountains,
          nicolae_shop_overgrown_old_shop, uniq_maggie, uniq_menkaure

Skill      XL: |  1  2  3  4  5  6 |
---------------+-------------------+-----
Axes           | 3 4 5 |  5.6
Fighting       | 4 5 |  5.7
Armour         | 4 5 |  5.2
Shields        | 4 5 |  5.2

Action                   |  1- 3 |  4- 6 |  7- 9 || total
-------------------------+-------+-------+-------++-------
Melee: War axe           |    70 |   164 |    18 ||   252
  Use: Scroll            |     2 |     6 |       ||     8
       Potion            |     1 |       |     1 ||     2
Armor: Scale mail        |    42 |    57 |     2 ||   101
Dodge: Dodged            |    37 |    74 |    11 ||   122
Block: Buckler           |    16 |    39 |     6 ||    61

Table legend: (Time is in decaauts)
 A = Elapsed time spent in this place.
 B = Non-inter-level travel time spent in this place.
 C = Inter-level travel time spent in this place.
 D = Time resting spent in this place.
 E = Time spent auto-exploring this place.
 F = Levels seen in this place.
 G = Mean time per level.
                   A        B        C        D        E       F      G
               +--------+--------+--------+--------+--------+-----+--------+
         Total |   3433 |   3342 |     91 |    396 |   2251 |   5 |  686.6 |
       Dungeon |   3433 |   3342 |     91 |    396 |   2251 |   5 |  686.6 |
               +--------+--------+--------+--------+--------+-----+--------+

Top non-repeatable levels by time:
     D:2: 1430 daAuts
     D:1: 741 daAuts
     D:3: 729 daAuts
     D:4: 501 daAuts
     D:6: 30 daAuts
